[ AOE2 MATCH · #470114487 ]
Team RMMagyars vs Turks
[ REPLAY ANALYSIS · EXTRACTED FROM THE RECORDED GAME ]
Feudal
10:28
Castle
19:43
Imperial
35:59
| APM avg | 22.4 |
| APM peak | 80 |
| eAPM avg | 14.5 |
| Villagers / military | 132 / 486 |
Focus
⚔️ 30.6% · 🌾 69.4%
Magyar Huszar ×482 · Trebuchet (Packed) ×4
Feudal
14:15
Castle
17:11
Imperial
34:09
| APM avg | 12.3 |
| APM peak | 42 |
| eAPM avg | 9.2 |
| Villagers / military | 117 / 216 |
Focus
⚔️ 21.1% · 🌾 78.9%
Ballista Elephant ×136 · Knight ×67 · Trade Cart ×14 · Battle Elephant ×11 · Trebuchet (Packed) ×2
Feudal
11:26
Castle
24:38
Imperial
58:10
| APM avg | 36.2 |
| APM peak | 131 |
| eAPM avg | 23.7 |
| Villagers / military | 69 / 111 |
Focus
⚔️ 21.8% · 🌾 78.2%
Iron Pagoda ×52 · Spearman ×40 · War Wagon ×12 · Battering Ram ×7
Feudal
13:43
Castle
21:49
Imperial
37:25
| APM avg | 12.5 |
| APM peak | 42 |
| eAPM avg | 9.9 |
| Villagers / military | 336 / 187 |
Focus
⚔️ 22.4% · 🌾 77.6%
Scout Cavalry ×144 · Ballista Elephant ×43
Feudal
10:11
Castle
14:05
Imperial
41:07
| APM avg | 16.7 |
| APM peak | 44 |
| eAPM avg | 12.5 |
| Villagers / military | 191 / 233 |
Focus
⚔️ 33.9% · 🌾 66.1%
Scorpion ×168 · Knight ×45 · Trade Cart ×39 · Mangonel ×12 · Petard ×6 · Monk ×2
Feudal
10:50
Castle
17:19
Imperial
29:35
| APM avg | 17.2 |
| APM peak | 46 |
| eAPM avg | 12.2 |
| Villagers / military | 137 / 403 |
Focus
⚔️ 39.9% · 🌾 60.1%
Tarkan ×315 · Knight ×85 · Trade Cart ×20 · Monk ×3
Feudal
—
Castle
—
Imperial
—
| APM avg | 17.8 |
| APM peak | 61 |
| eAPM avg | 10.3 |
| Villagers / military | 138 / 307 |
Focus
⚔️ 29.9% · 🌾 70.1%
Janissary ×156 · Scout Cavalry ×96 · Camel Scout ×48 · Trade Cart ×26 · Bombard Cannon ×5 · Trebuchet (Packed) ×2
Feudal
11:44
Castle
22:47
Imperial
39:14
| APM avg | 21.1 |
| APM peak | 76 |
| eAPM avg | 13.2 |
| Villagers / military | 103 / 356 |
Focus
⚔️ 44.1% · 🌾 55.9%
Janissary ×209 · Scout Cavalry ×115 · Skirmisher ×24 · Bombard Cannon ×4 · Trebuchet (Packed) ×4
Match map
Resources at game start + every placement click. Thick line = wall · dashed box = detected house wall. 🟡 gold · ⚪ stone · 🟢 berries · 🔶 boar · ⭕ relic
Inputs per minute
— 喜多川海梦 - - DIY
Build order — 喜多川海梦
First 150 of 394 actions detected
| 0:08 | Build | House |
| 0:09 | Build | House |
| 0:10 | Build | House |
| 0:18 | Create | Villager (Male) ×4 |
| 0:19 | Create | Villager (Male) ×4 |
| 0:19 | Create | Villager (Male) ×4 |
| 1:59 | Create | Villager (Male) |
| 2:41 | Create | Villager (Male) |
| 2:41 | Create | Villager (Male) |
| 2:41 | Create | Villager (Male) |
| 3:08 | Create | Villager (Male) |
| 3:09 | Create | Villager (Male) |
| 3:28 | Create | Villager (Male) |
| 4:06 | Build | Mill |
| 4:24 | Create | Villager (Male) |
| 4:24 | Create | Villager (Male) |
| 4:25 | Create | Villager (Male) |
| 4:25 | Create | Villager (Male) |
| 6:35 | Create | Villager (Male) |
| 6:35 | Create | Villager (Male) |
| 7:39 | Build | Lumber Camp |
| 8:18 | Research | Feudal Age |
| 9:20 | Build | House |
| 9:21 | Build | House |
| 9:22 | Build | House |
| 9:23 | Build | House |
| 10:28 | Age | Feudal Age |
| 10:34 | Build | Blacksmith |
| 10:42 | Build | Market |
| 11:02 | Create | Villager (Male) ×5 |
| 11:02 | Create | Villager (Male) ×5 |
| 11:03 | Create | Villager (Male) ×2 |
| 11:45 | Build | Mining Camp |
| 12:04 | Build | Farm |
| 12:22 | Build | Farm |
| 12:35 | Build | House |
| 13:47 | Build | Farm |
| 13:47 | Build | Farm |
| 13:47 | Build | Farm |
| 14:01 | Build | Farm |
| 14:30 | Build | Mining Camp |
| 14:57 | Build | Farm |
| 14:57 | Build | Farm |
| 15:40 | Build | Farm |
| 15:40 | Build | Farm |
| 16:30 | Build | Farm |
| 16:30 | Build | Farm |
| 16:30 | Build | Farm |
| 17:03 | Research | Castle Age |
| 19:43 | Age | Castle Age |
| 19:54 | Build | Town Center |
| 20:00 | Create | Villager (Male) |
| 20:00 | Create | Villager (Male) |
| 20:01 | Create | Villager (Male) |
| 20:03 | Create | Villager (Male) |
| 20:29 | Build | Town Center |
| 20:40 | Create | Villager (Male) |
| 20:41 | Create | Villager (Male) |
| 20:41 | Create | Villager (Male) |
| 22:18 | Create | Villager (Male) |
| 22:18 | Create | Villager (Male) |
| 22:18 | Create | Villager (Male) |
| 22:23 | Create | Villager (Male) |
| 22:24 | Create | Villager (Male) |
| 22:24 | Create | Villager (Male) |
| 22:24 | Create | Villager (Male) |
| 22:25 | Create | Villager (Male) |
| 22:29 | Research | Stone Mining |
| 22:51 | Create | Villager (Male) |
| 22:51 | Create | Villager (Male) |
| 22:51 | Create | Villager (Male) |
| 22:51 | Create | Villager (Male) |
| 22:52 | Create | Villager (Male) |
| 22:59 | Research | Double-Bit Axe |
| 23:20 | Build | Farm |
| 23:44 | Build | Farm |
| 23:54 | Build | Farm |
| 24:28 | Create | Villager (Male) |
| 24:29 | Create | Villager (Male) |
| 24:29 | Create | Villager (Male) |
| 24:31 | Build | Farm |
| 24:33 | Build | Farm |
| 24:35 | Build | Farm |
| 24:48 | Research | Wheelbarrow |
| 25:05 | Create | Villager (Male) |
| 25:05 | Create | Villager (Male) |
| 25:09 | Create | Villager (Male) |
| 25:09 | Create | Villager (Male) |
| 25:13 | Build | Farm |
| 25:15 | Build | Farm |
| 25:37 | Build | Castle |
| 26:15 | Create | Villager (Male) |
| 26:15 | Create | Villager (Male) |
| 26:17 | Create | Villager (Male) |
| 26:18 | Create | Villager (Male) |
| 26:41 | Build | House |
| 26:42 | Build | House |
| 26:42 | Build | House |
| 26:43 | Build | House |
| 26:45 | Build | House |
| 26:58 | Build | House |
| 26:59 | Build | House |
| 26:59 | Build | House |
| 27:00 | Build | House |
| 27:29 | Research | Hand Cart |
| 27:32 | Research | Town Watch |
| 27:35 | Research | Scale Barding Armor |
| 28:48 | Build | Farm |
| 28:48 | Build | Farm |
| 28:48 | Build | Farm |
| 28:48 | Build | Farm |
| 28:55 | Build | Farm |
| 28:55 | Build | Farm |
| 28:55 | Build | Farm |
| 28:56 | Build | Farm |
| 29:19 | Build | Castle |
| 29:24 | Research | Corvinian Army |
| 29:37 | Build | House |
| 29:38 | Build | House |
| 29:39 | Build | House |
| 29:39 | Build | House |
| 29:39 | Build | House |
| 29:40 | Build | House |
| 29:41 | Build | House |
| 29:43 | Build | House |
| 29:44 | Build | House |
| 29:44 | Build | House |
| 29:45 | Build | House |
| 29:45 | Build | House |
| 29:45 | Build | House |
| 29:45 | Build | House |
| 29:46 | Build | House |
| 29:46 | Build | House |
| 29:47 | Build | House |
| 29:48 | Build | House |
| 29:48 | Build | House |
| 29:48 | Build | House |
| 29:49 | Build | House |
| 29:49 | Build | House |
| 29:54 | Research | Chain Barding Armor |
| 29:59 | Research | Horse Collar |
| 30:01 | Research | Bow Saw |
| 30:15 | Research | Gold Mining |
| 30:45 | Create | Villager (Male) |
| 30:45 | Create | Villager (Male) |
| 30:46 | Create | Villager (Male) |
| 30:46 | Create | Villager (Male) |
| 30:46 | Create | Villager (Male) |
| 30:56 | Build | Farm |
| 30:56 | Build | Farm |
Build order — DIY
First 150 of 328 actions detected
| 0:05 | Create | Villager (Male) |
| 0:05 | Create | Villager (Male) |
| 0:06 | Create | Villager (Male) |
| 0:06 | Create | Villager (Male) |
| 0:06 | Create | Villager (Male) |
| 0:15 | Build | House |
| 0:16 | Build | House |
| 0:17 | Build | House |
| 1:46 | Create | Villager (Male) |
| 2:16 | Build | House |
| 2:30 | Create | Villager (Male) |
| 3:00 | Create | Villager (Male) |
| 3:25 | Create | Villager (Male) |
| 3:25 | Create | Villager (Male) |
| 4:17 | Create | Villager (Male) |
| 4:18 | Create | Villager (Male) |
| 4:45 | Create | Villager (Male) |
| 4:46 | Create | Villager (Male) |
| 5:45 | Create | Villager (Male) |
| 5:45 | Create | Villager (Male) |
| 5:46 | Create | Villager (Male) |
| 7:04 | Create | Villager (Male) |
| 7:05 | Create | Villager (Male) |
| 7:06 | Create | Villager (Male) |
| 7:33 | Build | Mill |
| 8:14 | Create | Villager (Male) |
| 8:15 | Create | Villager (Male) |
| 8:16 | Create | Villager (Male) |
| 8:18 | Create | Villager (Male) |
| 9:33 | Build | House |
| 9:39 | Create | Villager (Male) |
| 10:07 | Create | Villager (Male) |
| 10:49 | Create | Villager (Male) |
| 10:55 | Create | Villager (Male) |
| 11:20 | Create | Villager (Male) |
| 11:32 | Research | Feudal Age |
| 11:41 | Build | Mining Camp |
| 13:24 | Build | Lumber Camp |
| 14:15 | Age | Feudal Age |
| 14:31 | Research | Castle Age |
| 14:39 | Build | Watch Tower |
| 14:51 | Build | Watch Tower |
| 16:08 | Build | House |
| 16:08 | Build | House |
| 16:09 | Build | House |
| 16:22 | Build | Market |
| 16:28 | Build | Blacksmith |
| 16:46 | Build | Farm |
| 16:46 | Build | Farm |
| 16:47 | Build | Farm |
| 16:51 | Build | Farm |
| 16:51 | Build | Farm |
| 17:11 | Age | Castle Age |
| 17:21 | Build | Town Center |
| 17:41 | Build | Farm |
| 17:41 | Build | Farm |
| 17:41 | Build | Farm |
| 17:41 | Build | Farm |
| 18:17 | Create | Villager (Male) |
| 18:35 | Research | Horse Collar |
| 18:55 | Build | Stable |
| 19:01 | Create | Villager (Male) |
| 19:06 | Build | Farm |
| 19:06 | Build | Farm |
| 19:06 | Build | Farm |
| 19:07 | Build | Farm |
| 19:07 | Build | Farm |
| 19:14 | Create | Villager (Male) |
| 19:14 | Create | Villager (Male) |
| 19:49 | Create | Villager (Male) |
| 19:49 | Create | Villager (Male) |
| 19:55 | Create | Villager (Male) |
| 20:17 | Create | Knight |
| 20:59 | Build | Castle |
| 21:24 | Create | Villager (Male) |
| 21:24 | Create | Villager (Male) |
| 21:24 | Create | Villager (Male) |
| 21:24 | Create | Villager (Male) |
| 21:25 | Create | Villager (Male) |
| 21:25 | Create | Villager (Male) |
| 21:29 | Build | Farm |
| 21:29 | Build | Farm |
| 21:30 | Build | Farm |
| 21:30 | Build | Farm |
| 21:30 | Build | Farm |
| 21:30 | Build | Farm |
| 21:31 | Build | Farm |
| 21:37 | Create | Villager (Male) |
| 21:37 | Create | Villager (Male) |
| 22:15 | Create | Villager (Male) |
| 22:15 | Create | Villager (Male) |
| 22:15 | Create | Villager (Male) |
| 22:15 | Create | Villager (Male) |
| 22:27 | Create | Villager (Male) |
| 22:27 | Create | Villager (Male) |
| 22:44 | Create | Villager (Male) |
| 22:44 | Create | Villager (Male) |
| 22:56 | Build | Mining Camp |
| 23:00 | Create | Villager (Male) |
| 23:00 | Create | Villager (Male) |
| 23:00 | Create | Villager (Male) |
| 23:01 | Create | Villager (Male) |
| 23:10 | Build | Farm |
| 23:23 | Create | Villager (Male) |
| 23:23 | Create | Villager (Male) |
| 23:23 | Create | Villager (Male) |
| 23:42 | Create | Villager (Male) |
| 23:42 | Create | Villager (Male) |
| 23:42 | Create | Villager (Male) |
| 23:42 | Create | Villager (Male) |
| 23:42 | Create | Villager (Male) |
| 23:42 | Create | Villager (Male) |
| 23:56 | Research | Gold Mining |
| 24:15 | Create | Villager (Male) |
| 24:15 | Create | Villager (Male) |
| 24:16 | Create | Villager (Male) |
| 24:32 | Build | Mining Camp |
| 24:47 | Create | Trade Cart |
| 24:47 | Create | Trade Cart |
| 24:55 | Build | Mining Camp |
| 25:01 | Research | Heavy Plow |
| 25:20 | Create | Villager (Male) |
| 25:20 | Create | Villager (Male) |
| 25:20 | Create | Villager (Male) |
| 25:20 | Create | Villager (Male) |
| 25:21 | Create | Villager (Male) |
| 25:21 | Create | Villager (Male) |
| 26:25 | Create | Villager (Male) |
| 26:25 | Create | Villager (Male) |
| 26:26 | Create | Villager (Male) |
| 26:33 | Create | Villager (Male) |
| 26:33 | Create | Villager (Male) |
| 26:36 | Research | Wheelbarrow |
| 26:56 | Build | House |
| 26:57 | Build | House |
| 26:58 | Build | House |
| 26:59 | Build | House |
| 27:00 | Build | House |
| 27:01 | Build | House |
| 27:02 | Build | House |
| 27:05 | Build | House |
| 27:06 | Build | House |
| 27:16 | Research | Stone Mining |
| 27:17 | Research | Gold Shaft Mining |
| 27:21 | Create | Villager (Male) |
| 27:21 | Create | Villager (Male) |
| 27:21 | Create | Villager (Male) |
| 27:33 | Build | Mining Camp |
| 27:42 | Research | Double-Bit Axe |
| 27:56 | Build | Farm |
Build order — Tsukitech
First 150 of 193 actions detected
| 0:08 | Build | House |
| 0:13 | Build | House |
| 0:15 | Create | Villager (Male) |
| 0:16 | Create | Villager (Male) |
| 0:45 | Create | Villager (Male) |
| 1:02 | Create | Villager (Male) |
| 1:57 | Create | Villager (Male) |
| 2:05 | Build | Lumber Camp |
| 2:27 | Create | Villager (Male) |
| 2:46 | Create | Villager (Male) |
| 3:15 | Create | Villager (Male) |
| 3:44 | Create | Villager (Male) |
| 3:59 | Create | Villager (Male) |
| 4:39 | Create | Villager (Male) |
| 4:47 | Build | Mill |
| 4:54 | Create | Villager (Male) |
| 5:11 | Build | House |
| 5:53 | Create | Villager (Male) |
| 6:09 | Create | Villager (Male) |
| 6:28 | Create | Villager (Male) |
| 7:10 | Create | Villager (Male) |
| 8:02 | Create | Villager (Male) |
| 9:16 | Research | Feudal Age |
| 9:47 | Build | Farm |
| 9:49 | Build | Farm |
| 10:28 | Build | House |
| 10:29 | Build | House |
| 10:43 | Research | Loom |
| 11:12 | Build | Mining Camp |
| 11:18 | Build | House |
| 11:20 | Build | House |
| 11:26 | Age | Feudal Age |
| 11:32 | Create | Villager (Male) |
| 11:33 | Create | Villager (Male) |
| 11:59 | Build | Watch Tower |
| 12:09 | Research | Stone Mining |
| 12:20 | Create | Villager (Male) |
| 13:01 | Create | Villager (Male) |
| 13:30 | Build | Farm |
| 13:36 | Build | Farm |
| 13:38 | Create | Villager (Male) |
| 14:55 | Build | Watch Tower |
| 16:05 | Create | Villager (Male) |
| 16:05 | Create | Villager (Male) |
| 16:05 | Create | Villager (Male) |
| 16:06 | Create | Villager (Male) |
| 16:13 | Build | Farm |
| 16:36 | Build | Mining Camp |
| 17:12 | Create | Villager (Male) |
| 17:26 | Build | Farm |
| 17:27 | Build | Farm |
| 17:29 | Build | Farm |
| 17:31 | Build | Farm |
| 17:34 | Create | Villager (Male) |
| 18:03 | Build | Market |
| 18:21 | Create | Villager (Male) |
| 18:54 | Build | Farm |
| 19:08 | Create | Villager (Male) |
| 19:09 | Create | Villager (Male) |
| 19:44 | Build | Farm |
| 20:14 | Create | Villager (Male) |
| 20:30 | Build | House |
| 20:32 | Build | House |
| 20:33 | Build | House |
| 20:35 | Build | House |
| 20:57 | Build | Blacksmith |
| 21:07 | Create | Villager (Male) |
| 21:48 | Build | House |
| 21:50 | Build | House |
| 21:51 | Build | House |
| 21:53 | Build | House |
| 21:55 | Build | House |
| 21:58 | Research | Castle Age |
| 23:04 | Create | Villager (Male) |
| 23:21 | Build | House |
| 23:22 | Build | House |
| 23:23 | Build | House |
| 23:24 | Build | House |
| 23:26 | Build | House |
| 23:28 | Build | House |
| 23:51 | Research | Double-Bit Axe |
| 23:54 | Research | Horse Collar |
| 24:38 | Age | Castle Age |
| 24:41 | Build | Mining Camp |
| 24:45 | Create | Villager (Male) |
| 24:45 | Create | Villager (Male) |
| 24:53 | Build | Castle |
| 25:03 | Build | Town Center |
| 25:13 | Create | Villager (Male) |
| 25:28 | Research | Gold Mining |
| 25:51 | Create | Villager (Male) |
| 25:58 | Research | Bow Saw |
| 26:02 | Research | Heavy Plow |
| 26:34 | Create | Villager (Male) |
| 26:35 | Create | Villager (Male) |
| 26:57 | Create | Villager (Male) |
| 26:58 | Create | Villager (Male) |
| 26:58 | Create | Villager (Male) |
| 27:22 | Create | Villager (Male) |
| 27:25 | Create | Villager (Male) |
| 27:39 | Research | Fletching |
| 27:45 | Create | War Wagon |
| 27:45 | Create | War Wagon |
| 28:06 | Create | War Wagon |
| 28:13 | Create | Villager (Male) |
| 28:14 | Create | Villager (Male) |
| 28:40 | Create | War Wagon |
| 28:51 | Create | Villager (Male) |
| 28:53 | Create | Villager (Male) |
| 28:53 | Create | Villager (Male) |
| 29:34 | Build | University |
| 30:31 | Build | Siege Workshop |
| 30:46 | Create | Villager (Male) |
| 30:47 | Create | Villager (Male) |
| 30:47 | Create | Villager (Male) |
| 30:48 | Create | Villager (Male) |
| 31:04 | Build | Siege Workshop |
| 31:15 | Build | Siege Workshop |
| 31:50 | Create | Iron Pagoda ×2 |
| 31:57 | Create | Villager (Male) |
| 31:57 | Create | Villager (Male) |
| 31:58 | Create | Villager (Male) |
| 32:02 | Create | Villager (Male) |
| 32:03 | Create | Villager (Male) |
| 32:20 | Build | Siege Workshop |
| 32:21 | Build | Siege Workshop |
| 32:47 | Create | Iron Pagoda ×3 |
| 33:02 | Create | Villager (Male) |
| 33:06 | Create | Villager (Male) |
| 33:45 | Create | Iron Pagoda ×2 |
| 33:51 | Create | War Wagon |
| 33:53 | Create | War Wagon |
| 34:05 | Create | Villager (Male) |
| 34:06 | Create | Villager (Male) |
| 34:16 | Create | Villager (Male) |
| 34:16 | Create | Villager (Male) |
| 35:26 | Research | Bodkin Arrow |
| 35:35 | Research | Ballistics |
| 35:39 | Research | Fortified Wall (upgrade) |
| 35:42 | Research | Murder Holes |
| 36:00 | Create | War Wagon |
| 36:01 | Create | War Wagon |
| 36:02 | Create | War Wagon |
| 36:48 | Build | Siege Workshop |
| 36:51 | Build | Siege Workshop |
| 36:57 | Create | Iron Pagoda |
| 37:25 | Create | Villager (Male) |
| 37:25 | Create | Villager (Male) |
| 37:25 | Create | Villager (Male) |
| 37:26 | Create | Villager (Male) |
Build order — ★秧★FISHY
First 150 of 422 actions detected
| 0:14 | Build | House |
| 0:15 | Build | House |
| 0:17 | Build | House |
| 0:18 | Build | House |
| 0:27 | Research | Loom |
| 0:27 | Create | Villager (Male) ×4 |
| 1:01 | Build | Lumber Camp |
| 2:56 | Create | Villager (Male) ×2 |
| 3:13 | Create | Villager (Male) |
| 3:42 | Create | Villager (Male) |
| 3:42 | Create | Villager (Male) |
| 3:42 | Create | Villager (Male) |
| 3:42 | Create | Villager (Male) |
| 4:31 | Create | Villager (Male) |
| 5:16 | Create | Villager (Male) |
| 5:17 | Create | Villager (Male) |
| 5:17 | Create | Villager (Male) |
| 5:26 | Create | Villager (Male) |
| 5:26 | Create | Villager (Male) |
| 5:26 | Create | Villager (Male) |
| 5:55 | Create | Villager (Male) |
| 5:55 | Create | Villager (Male) |
| 5:55 | Create | Villager (Male) |
| 6:19 | Build | Mining Camp |
| 6:31 | Create | Villager (Male) |
| 6:49 | Build | Mining Camp |
| 6:52 | Create | Villager (Male) |
| 6:53 | Create | Villager (Male) |
| 6:53 | Create | Villager (Male) |
| 6:53 | Create | Villager (Male) |
| 7:54 | Build | Mill |
| 8:00 | Create | Villager (Male) |
| 8:00 | Create | Villager (Male) |
| 8:00 | Create | Villager (Male) |
| 8:01 | Create | Villager (Male) |
| 11:33 | Research | Feudal Age |
| 11:53 | Build | Farm |
| 11:55 | Build | Farm |
| 11:56 | Build | Farm |
| 11:58 | Build | Farm |
| 12:31 | Build | House |
| 12:33 | Build | House |
| 12:34 | Build | House |
| 13:43 | Age | Feudal Age |
| 13:46 | Research | Wheelbarrow |
| 13:50 | Research | Horse Collar |
| 13:53 | Research | Double-Bit Axe |
| 16:54 | Build | Farm |
| 16:54 | Build | Farm |
| 16:54 | Build | Farm |
| 16:55 | Build | Farm |
| 16:55 | Build | Farm |
| 16:55 | Build | Farm |
| 16:55 | Build | Farm |
| 16:56 | Build | Farm |
| 17:39 | Build | Lumber Camp |
| 19:09 | Research | Castle Age |
| 19:56 | Research | Stone Mining |
| 21:49 | Age | Castle Age |
| 22:16 | Build | Castle |
| 22:31 | Build | Town Center |
| 22:33 | Create | Villager (Male) ×5 |
| 22:33 | Create | Villager (Male) ×5 |
| 22:55 | Build | Town Center |
| 22:59 | Research | Bow Saw |
| 23:10 | Research | Heavy Plow |
| 23:42 | Create | Villager (Male) ×3 |
| 23:42 | Create | Villager (Male) ×3 |
| 24:16 | Create | Villager (Male) ×2 |
| 24:16 | Create | Villager (Male) ×2 |
| 24:16 | Create | Villager (Male) ×2 |
| 24:29 | Build | Mining Camp |
| 24:37 | Create | Villager (Male) |
| 24:37 | Create | Villager (Male) |
| 24:42 | Build | Farm |
| 24:47 | Build | Farm |
| 24:48 | Build | Farm |
| 24:48 | Build | Farm |
| 24:48 | Build | Farm |
| 24:48 | Build | Farm |
| 24:49 | Build | Farm |
| 24:49 | Build | Farm |
| 24:49 | Build | Farm |
| 24:49 | Build | Farm |
| 24:50 | Build | Farm |
| 24:50 | Build | Farm |
| 24:55 | Create | Villager (Male) |
| 24:55 | Create | Villager (Male) |
| 25:05 | Create | Villager (Male) |
| 25:05 | Create | Villager (Male) |
| 25:05 | Create | Villager (Male) |
| 25:20 | Create | Villager (Male) |
| 25:20 | Create | Villager (Male) |
| 25:21 | Create | Villager (Male) |
| 25:35 | Create | Villager (Male) |
| 25:36 | Create | Villager (Male) |
| 25:36 | Create | Villager (Male) |
| 25:39 | Create | Villager (Male) |
| 25:39 | Create | Villager (Male) |
| 25:39 | Create | Villager (Male) |
| 25:50 | Build | Farm |
| 25:50 | Build | Farm |
| 25:50 | Build | Farm |
| 25:51 | Build | Farm |
| 25:51 | Build | Farm |
| 25:51 | Build | Farm |
| 25:51 | Build | Farm |
| 25:52 | Build | Farm |
| 25:52 | Build | Farm |
| 25:52 | Build | Farm |
| 25:53 | Build | Farm |
| 25:53 | Build | Farm |
| 25:53 | Build | Farm |
| 25:53 | Build | Farm |
| 25:54 | Build | Farm |
| 25:58 | Create | Villager (Male) |
| 25:58 | Create | Villager (Male) |
| 25:59 | Create | Villager (Male) |
| 26:00 | Create | Villager (Male) |
| 26:10 | Create | Villager (Male) |
| 26:10 | Create | Villager (Male) |
| 26:19 | Create | Villager (Male) |
| 26:20 | Create | Villager (Male) |
| 26:24 | Create | Villager (Male) |
| 26:24 | Create | Villager (Male) |
| 26:25 | Create | Villager (Male) |
| 26:36 | Create | Villager (Male) ×2 |
| 26:36 | Create | Villager (Male) ×2 |
| 26:37 | Create | Villager (Male) ×2 |
| 26:52 | Create | Villager (Male) ×3 |
| 26:52 | Create | Villager (Male) ×3 |
| 27:00 | Build | Farm |
| 27:01 | Build | Farm |
| 27:01 | Build | Farm |
| 27:01 | Build | Farm |
| 27:02 | Build | Farm |
| 27:02 | Build | Farm |
| 27:02 | Build | Farm |
| 27:02 | Build | Farm |
| 27:03 | Build | Farm |
| 27:03 | Build | Farm |
| 27:03 | Build | Farm |
| 27:03 | Build | Farm |
| 27:04 | Build | Farm |
| 27:14 | Create | Villager (Male) ×3 |
| 27:14 | Create | Villager (Male) ×3 |
| 27:14 | Create | Villager (Male) ×4 |
| 27:15 | Create | Villager (Male) |
| 27:39 | Create | Villager (Male) ×4 |
| 27:39 | Create | Villager (Male) ×4 |
Build order — El mas reportado
First 150 of 594 actions detected
| 0:13 | Build | House |
| 0:16 | Create | Villager (Male) |
| 0:16 | Create | Villager (Male) |
| 0:36 | Build | House |
| 0:45 | Create | Villager (Male) |
| 1:05 | Create | Villager (Male) |
| 1:06 | Research | Loom |
| 1:48 | Create | Villager (Male) |
| 2:24 | Create | Villager (Male) |
| 3:04 | Create | Villager (Male) |
| 3:24 | Create | Villager (Male) |
| 3:35 | Create | Villager (Male) |
| 3:55 | Build | House |
| 4:06 | Create | Villager (Male) |
| 4:32 | Create | Villager (Male) |
| 4:53 | Create | Villager (Male) |
| 5:03 | Create | Villager (Male) |
| 5:27 | Create | Villager (Male) |
| 5:38 | Build | Mill |
| 5:54 | Create | Villager (Male) |
| 5:54 | Create | Villager (Male) |
| 8:01 | Research | Feudal Age |
| 8:01 | Research | Feudal Age |
| 8:01 | Research | Feudal Age |
| 10:11 | Age | Feudal Age |
| 10:22 | Create | Villager (Male) |
| 11:25 | Research | Castle Age |
| 11:25 | Research | Castle Age |
| 11:45 | Build | Lumber Camp |
| 12:50 | Research | Double-Bit Axe |
| 13:22 | Research | Horse Collar |
| 14:05 | Age | Castle Age |
| 14:16 | Build | Town Center |
| 14:47 | Create | Villager (Male) |
| 14:56 | Build | House |
| 14:57 | Build | House |
| 14:59 | Build | House |
| 15:00 | Build | House |
| 15:02 | Build | House |
| 15:04 | Build | House |
| 15:05 | Build | House |
| 15:06 | Build | House |
| 15:17 | Research | Bow Saw |
| 15:42 | Build | Farm |
| 15:43 | Build | Farm |
| 16:03 | Create | Villager (Male) |
| 16:04 | Create | Villager (Male) |
| 16:12 | Create | Villager (Male) |
| 16:12 | Create | Villager (Male) |
| 16:13 | Create | Villager (Male) |
| 16:31 | Build | Farm |
| 16:34 | Build | Farm |
| 16:40 | Create | Villager (Male) |
| 16:47 | Build | Farm |
| 17:09 | Build | Farm |
| 17:10 | Build | Farm |
| 17:12 | Build | Farm |
| 17:15 | Create | Villager (Male) |
| 17:15 | Create | Villager (Male) |
| 17:30 | Create | Villager (Male) |
| 17:37 | Build | Farm |
| 17:38 | Build | Farm |
| 17:44 | Create | Villager (Male) |
| 18:13 | Research | Heavy Plow |
| 18:13 | Research | Heavy Plow |
| 18:34 | Build | Mining Camp |
| 18:38 | Create | Villager (Male) |
| 18:41 | Create | Villager (Male) |
| 18:41 | Create | Villager (Male) |
| 18:53 | Build | Farm |
| 19:12 | Create | Villager (Male) |
| 19:12 | Create | Villager (Male) |
| 19:33 | Create | Villager (Male) |
| 19:34 | Create | Villager (Male) |
| 20:04 | Create | Villager (Male) |
| 20:06 | Create | Villager (Male) |
| 20:14 | Build | Town Center |
| 20:22 | Create | Villager (Male) |
| 20:23 | Create | Villager (Male) |
| 20:23 | Create | Villager (Male) |
| 20:57 | Create | Villager (Male) |
| 20:57 | Create | Villager (Male) |
| 21:08 | Build | Farm |
| 21:09 | Build | Farm |
| 21:09 | Build | Farm |
| 21:09 | Build | Farm |
| 21:11 | Build | Farm |
| 21:19 | Build | Farm |
| 21:19 | Build | Farm |
| 21:21 | Build | Farm |
| 21:27 | Create | Villager (Male) |
| 21:27 | Create | Villager (Male) |
| 21:27 | Create | Villager (Male) |
| 21:28 | Create | Villager (Male) |
| 21:36 | Create | Villager (Male) |
| 21:48 | Create | Villager (Male) |
| 21:48 | Create | Villager (Male) |
| 21:58 | Create | Villager (Male) |
| 21:59 | Create | Villager (Male) |
| 21:59 | Create | Villager (Male) |
| 22:13 | Create | Villager (Male) |
| 22:16 | Create | Villager (Male) |
| 22:16 | Create | Villager (Male) |
| 22:25 | Create | Villager (Male) |
| 22:25 | Create | Villager (Male) |
| 22:33 | Build | Town Center |
| 22:41 | Build | House |
| 22:41 | Build | House |
| 22:41 | Build | House |
| 22:42 | Build | House |
| 22:42 | Build | House |
| 22:42 | Build | House |
| 22:44 | Build | House |
| 22:45 | Build | House |
| 22:47 | Build | House |
| 22:47 | Build | House |
| 22:49 | Build | House |
| 22:49 | Build | House |
| 22:51 | Build | House |
| 22:52 | Build | House |
| 22:53 | Build | House |
| 22:54 | Build | House |
| 22:55 | Build | House |
| 22:56 | Build | House |
| 22:57 | Build | House |
| 23:00 | Build | House |
| 23:01 | Build | House |
| 23:03 | Build | House |
| 23:08 | Build | House |
| 23:10 | Build | House |
| 23:20 | Create | Villager (Male) |
| 23:20 | Create | Villager (Male) |
| 23:20 | Create | Villager (Male) |
| 23:20 | Create | Villager (Male) |
| 23:21 | Create | Villager (Male) |
| 23:21 | Create | Villager (Male) |
| 23:21 | Create | Villager (Male) |
| 23:22 | Create | Villager (Male) |
| 23:22 | Create | Villager (Male) |
| 23:28 | Build | Farm |
| 23:28 | Build | Farm |
| 23:29 | Build | Farm |
| 23:29 | Build | Farm |
| 23:29 | Build | Farm |
| 23:30 | Build | Farm |
| 23:30 | Build | Farm |
| 23:30 | Build | Farm |
| 23:31 | Build | Farm |
| 23:31 | Build | Farm |
| 23:31 | Build | Farm |
Build order — 家恒
First 150 of 419 actions detected
| 0:11 | Create | Villager (Male) |
| 0:11 | Create | Villager (Male) |
| 0:11 | Create | Villager (Male) |
| 0:11 | Create | Villager (Male) |
| 0:12 | Create | Villager (Male) |
| 1:22 | Create | Villager (Male) |
| 2:04 | Create | Villager (Male) |
| 2:04 | Create | Villager (Male) |
| 2:21 | Create | Villager (Male) |
| 2:44 | Create | Villager (Male) |
| 3:02 | Create | Villager (Male) |
| 3:53 | Create | Villager (Male) |
| 4:20 | Create | Villager (Male) |
| 4:25 | Build | Mill |
| 4:55 | Build | Lumber Camp |
| 5:09 | Create | Villager (Male) |
| 5:11 | Create | Villager (Male) |
| 5:46 | Create | Villager (Male) |
| 6:24 | Create | Villager (Male) |
| 6:35 | Create | Villager (Male) |
| 6:50 | Create | Villager (Male) |
| 6:55 | Create | Villager (Male) |
| 7:11 | Create | Villager (Male) |
| 7:40 | Create | Villager (Male) |
| 8:09 | Create | Villager (Male) |
| 8:40 | Research | Feudal Age |
| 9:13 | Build | Farm |
| 9:35 | Build | Farm |
| 9:35 | Build | Farm |
| 9:35 | Build | Farm |
| 9:35 | Build | Farm |
| 9:36 | Build | Farm |
| 9:36 | Build | Farm |
| 9:36 | Build | Farm |
| 9:38 | Build | Farm |
| 10:48 | Create | Villager (Male) |
| 10:49 | Create | Villager (Male) |
| 10:50 | Age | Feudal Age |
| 10:52 | Research | Double-Bit Axe |
| 10:54 | Research | Horse Collar |
| 11:57 | Create | Villager (Male) |
| 11:58 | Create | Villager (Male) |
| 12:08 | Build | Blacksmith |
| 12:10 | Build | Market |
| 12:20 | Create | Villager (Male) |
| 13:10 | Build | Mining Camp |
| 13:13 | Create | Villager (Male) |
| 13:39 | Create | Villager (Male) |
| 14:03 | Create | Villager (Male) |
| 14:27 | Build | Farm |
| 14:27 | Build | Farm |
| 14:28 | Build | Farm |
| 14:28 | Build | Farm |
| 14:28 | Build | Farm |
| 14:30 | Build | Farm |
| 14:31 | Build | Farm |
| 14:32 | Build | Farm |
| 14:39 | Research | Castle Age |
| 17:19 | Age | Castle Age |
| 17:21 | Create | Villager (Male) |
| 17:21 | Create | Villager (Male) |
| 17:28 | Build | Town Center |
| 17:36 | Research | Bow Saw |
| 17:37 | Research | Heavy Plow |
| 18:03 | Build | Town Center |
| 18:05 | Create | Villager (Male) |
| 18:26 | Create | Villager (Male) |
| 18:27 | Create | Villager (Male) |
| 18:27 | Create | Villager (Male) |
| 18:28 | Create | Villager (Male) |
| 18:31 | Build | Farm |
| 18:32 | Build | Farm |
| 18:32 | Build | Farm |
| 18:32 | Build | Farm |
| 18:33 | Build | Farm |
| 18:35 | Build | Farm |
| 18:39 | Build | Farm |
| 18:43 | Build | Farm |
| 18:51 | Create | Villager (Male) |
| 18:57 | Create | Villager (Male) |
| 18:57 | Create | Villager (Male) |
| 18:58 | Create | Villager (Male) |
| 19:04 | Create | Villager (Male) |
| 19:31 | Create | Villager (Male) |
| 19:52 | Create | Villager (Male) |
| 19:52 | Create | Villager (Male) |
| 19:53 | Create | Villager (Male) |
| 19:54 | Create | Villager (Male) |
| 19:54 | Create | Villager (Male) |
| 19:54 | Create | Villager (Male) |
| 19:59 | Create | Villager (Male) |
| 19:59 | Create | Villager (Male) |
| 20:32 | Create | Villager (Male) |
| 20:33 | Create | Villager (Male) |
| 20:40 | Build | Farm |
| 20:40 | Build | Farm |
| 20:46 | Build | Farm |
| 20:48 | Create | Villager (Male) |
| 21:01 | Build | Monastery |
| 21:05 | Build | University |
| 21:09 | Create | Villager (Male) |
| 21:09 | Create | Villager (Male) |
| 21:09 | Create | Villager (Male) |
| 21:10 | Create | Villager (Male) |
| 21:14 | Create | Villager (Male) |
| 21:16 | Create | Villager (Male) |
| 21:18 | Create | Villager (Male) |
| 21:20 | Create | Villager (Male) |
| 22:09 | Create | Villager (Male) |
| 22:10 | Create | Villager (Male) |
| 22:10 | Create | Villager (Male) |
| 22:26 | Create | Monk |
| 22:27 | Create | Monk |
| 22:56 | Create | Villager (Male) |
| 22:57 | Create | Villager (Male) |
| 23:00 | Create | Villager (Male) |
| 23:01 | Create | Villager (Male) |
| 23:06 | Build | Mill |
| 23:08 | Build | Farm |
| 23:09 | Build | Farm |
| 23:11 | Build | Farm |
| 23:12 | Build | Farm |
| 23:14 | Build | Farm |
| 23:16 | Build | Farm |
| 23:17 | Build | Farm |
| 23:18 | Build | Farm |
| 23:26 | Build | Mill |
| 23:27 | Build | Farm |
| 23:27 | Build | Farm |
| 23:28 | Build | Farm |
| 23:28 | Build | Farm |
| 23:28 | Build | Farm |
| 23:29 | Build | Farm |
| 23:30 | Build | Farm |
| 23:38 | Build | Farm |
| 23:48 | Create | Villager (Male) |
| 23:48 | Create | Villager (Male) |
| 23:49 | Create | Villager (Male) |
| 23:49 | Create | Villager (Male) |
| 23:50 | Create | Villager (Male) |
| 23:51 | Create | Villager (Male) |
| 23:53 | Create | Villager (Male) |
| 23:54 | Create | Villager (Male) |
| 23:57 | Build | Mining Camp |
| 24:20 | Research | Fervor |
| 24:31 | Create | Villager (Male) |
| 24:33 | Create | Villager (Male) |
| 24:34 | Create | Villager (Male) |
| 24:38 | Create | Villager (Male) |
| 25:22 | Create | Villager (Male) |
Build order — Merginator44
First 150 of 387 actions detected
| 0:04 | Build | House |
| 0:05 | Build | House |
| 0:07 | Build | House |
| 0:14 | Research | Loom |
| 0:14 | Create | Villager (Male) |
| 0:14 | Create | Villager (Male) |
| 0:15 | Create | Villager (Male) |
| 0:15 | Create | Villager (Male) |
| 1:44 | Create | Villager (Male) |
| 1:45 | Create | Villager (Male) |
| 2:31 | Create | Villager (Male) |
| 2:31 | Create | Villager (Male) |
| 2:59 | Create | Villager (Male) |
| 2:59 | Create | Villager (Male) |
| 3:22 | Create | Villager (Male) |
| 3:22 | Create | Villager (Male) |
| 3:45 | Create | Villager (Male) |
| 3:45 | Create | Villager (Male) |
| 4:06 | Create | Villager (Male) |
| 4:07 | Create | Villager (Male) |
| 4:15 | Build | Lumber Camp |
| 4:20 | Create | Villager (Male) |
| 4:21 | Create | Villager (Male) |
| 5:39 | Create | Villager (Male) |
| 5:39 | Create | Villager (Male) |
| 5:39 | Create | Villager (Male) |
| 6:25 | Build | House |
| 6:26 | Build | House |
| 7:08 | Build | Mill |
| 7:12 | Create | Villager (Male) |
| 7:12 | Create | Villager (Male) |
| 7:12 | Create | Villager (Male) |
| 7:21 | Create | Villager (Male) |
| 7:21 | Create | Villager (Male) |
| 7:22 | Create | Villager (Male) |
| 7:22 | Create | Villager (Male) |
| 8:55 | Create | Villager (Male) |
| 9:15 | Build | Mill |
| 10:10 | Create | Villager (Male) |
| 10:10 | Create | Villager (Male) |
| 10:10 | Create | Villager (Male) |
| 10:11 | Create | Villager (Male) |
| 10:11 | Create | Villager (Male) |
| 10:11 | Create | Villager (Male) |
| 10:39 | Create | Villager (Male) |
| 11:01 | Research | Feudal Age |
| 11:53 | Build | House |
| 11:54 | Build | House |
| 11:57 | Build | House |
| 12:53 | Build | Barracks |
| 12:57 | Create | Villager (Male) |
| 12:57 | Create | Villager (Male) |
| 12:57 | Create | Villager (Male) |
| 12:58 | Create | Villager (Male) |
| 12:58 | Create | Villager (Male) |
| 13:38 | Research | Horse Collar |
| 13:42 | Create | Villager (Male) |
| 13:50 | Create | Villager (Male) |
| 13:51 | Create | Villager (Male) |
| 14:03 | Research | Double-Bit Axe |
| 14:22 | Build | Mining Camp |
| 14:35 | Build | Farm |
| 14:36 | Build | Farm |
| 14:39 | Build | Farm |
| 14:41 | Build | Farm |
| 14:42 | Build | Farm |
| 15:38 | Create | Villager (Male) |
| 15:51 | Build | Archery Range |
| 16:19 | Build | Farm |
| 16:24 | Build | Farm |
| 16:25 | Build | Farm |
| 16:28 | Build | Farm |
| 17:11 | Build | Stable |
| 17:14 | Create | Villager (Male) |
| 17:42 | Build | Farm |
| 17:51 | Create | Villager (Male) |
| 18:33 | Build | Mining Camp |
| 18:41 | Build | Farm |
| 18:42 | Build | Farm |
| 18:44 | Build | Farm |
| 18:48 | Research | Castle Age |
| 19:56 | Build | House |
| 19:57 | Build | House |
| 20:10 | Research | Bloodlines |
| 20:43 | Create | Villager (Male) |
| 21:00 | Create | Scout Cavalry |
| 21:00 | Create | Scout Cavalry ×5 |
| 21:01 | Create | Scout Cavalry ×5 |
| 21:01 | Create | Scout Cavalry ×5 |
| 21:32 | Build | Town Center |
| 21:40 | Create | Villager (Male) |
| 21:56 | Build | Mining Camp |
| 22:16 | Research | Heavy Plow |
| 22:18 | Create | Villager (Male) |
| 22:18 | Create | Villager (Male) |
| 22:19 | Create | Villager (Male) |
| 22:19 | Create | Villager (Male) |
| 22:45 | Create | Villager (Male) |
| 22:45 | Create | Villager (Male) |
| 22:45 | Create | Villager (Male) |
| 22:56 | Build | Farm |
| 23:03 | Build | Farm |
| 23:08 | Build | Farm |
| 23:14 | Build | Farm |
| 23:34 | Build | Farm |
| 23:35 | Build | Farm |
| 23:40 | Build | Farm |
| 23:47 | Build | Farm |
| 23:59 | Create | Scout Cavalry |
| 24:30 | Build | Castle |
| 25:04 | Create | Villager (Male) |
| 25:04 | Create | Villager (Male) |
| 25:05 | Create | Villager (Male) |
| 25:05 | Create | Villager (Male) |
| 25:05 | Create | Villager (Male) |
| 25:08 | Create | Villager (Male) |
| 25:08 | Create | Villager (Male) |
| 25:09 | Create | Villager (Male) |
| 25:21 | Build | Mining Camp |
| 26:03 | Build | University |
| 26:21 | Create | Janissary ×5 |
| 26:22 | Create | Janissary ×5 |
| 26:22 | Create | Janissary ×5 |
| 26:30 | Build | University |
| 26:33 | Create | Villager (Male) |
| 26:34 | Create | Villager (Male) |
| 26:34 | Create | Villager (Male) |
| 27:14 | Build | Market |
| 27:15 | Build | Market |
| 27:18 | Build | Blacksmith |
| 27:27 | Create | Janissary |
| 27:27 | Create | Janissary ×3 |
| 27:27 | Create | Janissary |
| 28:02 | Build | House |
| 28:03 | Build | House |
| 28:03 | Build | House |
| 28:05 | Build | House |
| 28:06 | Build | House |
| 28:08 | Build | House |
| 28:09 | Build | House |
| 29:03 | Research | Ballistics |
| 29:04 | Research | Murder Holes |
| 29:34 | Create | Villager (Male) |
| 29:34 | Create | Villager (Male) |
| 29:34 | Create | Villager (Male) |
| 29:35 | Create | Villager (Male) |
| 29:35 | Create | Villager (Male) |
| 29:45 | Create | Villager (Male) |
| 29:45 | Create | Villager (Male) |
| 29:45 | Create | Villager (Male) |
Build order — LB_小小leo
First 150 of 401 actions detected
| 0:22 | Build | House |
| 0:26 | Create | Villager (Male) |
| 0:26 | Create | Villager (Male) |
| 1:08 | Build | House |
| 1:24 | Create | Villager (Male) |
| 1:24 | Create | Villager (Male) |
| 1:59 | Create | Villager (Male) |
| 1:59 | Create | Villager (Male) |
| 2:15 | Build | House |
| 2:46 | Build | Mill |
| 3:01 | Create | Villager (Male) |
| 3:01 | Create | Villager (Male) |
| 3:03 | Create | Villager (Male) |
| 3:03 | Create | Villager (Male) |
| 3:45 | Create | Villager (Male) |
| 3:45 | Create | Villager (Male) |
| 3:46 | Create | Villager (Male) |
| 4:50 | Create | Villager (Male) |
| 4:50 | Create | Villager (Male) |
| 4:51 | Create | Villager (Male) |
| 4:51 | Create | Villager (Male) |
| 5:22 | Create | Villager (Male) |
| 5:22 | Create | Villager (Male) |
| 7:15 | Create | Villager (Male) |
| 7:15 | Create | Villager (Male) |
| 7:15 | Create | Villager (Male) |
| 7:15 | Create | Villager (Male) |
| 7:16 | Create | Villager (Male) |
| 8:45 | Build | Lumber Camp |
| 8:53 | Build | Farm |
| 9:34 | Research | Feudal Age |
| 9:42 | Build | Farm |
| 11:09 | Build | Farm |
| 11:14 | Build | Farm |
| 11:32 | Create | Villager (Male) |
| 11:32 | Create | Villager (Male) |
| 11:32 | Create | Villager (Male) |
| 11:32 | Create | Villager (Male) |
| 11:32 | Create | Villager (Male) |
| 11:33 | Create | Villager (Male) |
| 11:38 | Build | House |
| 11:42 | Build | House |
| 11:43 | Build | House |
| 11:44 | Age | Feudal Age |
| 11:54 | Create | Villager (Male) |
| 12:21 | Build | Farm |
| 12:52 | Build | Mining Camp |
| 13:03 | Build | Farm |
| 13:48 | Build | Mining Camp |
| 14:57 | Build | Farm |
| 15:05 | Build | Farm |
| 15:30 | Research | Horse Collar |
| 16:07 | Create | Villager (Male) |
| 16:07 | Create | Villager (Male) |
| 16:08 | Create | Villager (Male) |
| 16:08 | Create | Villager (Male) |
| 16:08 | Create | Villager (Male) |
| 16:08 | Create | Villager (Male) |
| 16:08 | Create | Villager (Male) |
| 16:08 | Create | Villager (Male) |
| 16:09 | Create | Villager (Male) |
| 16:09 | Create | Villager (Male) |
| 16:09 | Create | Villager (Male) |
| 16:09 | Create | Villager (Male) |
| 16:09 | Create | Villager (Male) |
| 16:30 | Build | Lumber Camp |
| 17:53 | Build | Blacksmith |
| 18:45 | Build | Farm |
| 19:03 | Build | Market |
| 20:01 | Create | Villager (Male) |
| 20:07 | Research | Castle Age |
| 20:15 | Build | House |
| 20:17 | Build | House |
| 20:19 | Build | House |
| 20:21 | Build | House |
| 20:33 | Research | Padded Archer Armor |
| 21:00 | Build | Barracks |
| 21:15 | Build | Farm |
| 22:16 | Create | Villager (Male) |
| 22:17 | Create | Villager (Male) |
| 22:17 | Create | Villager (Male) |
| 22:17 | Create | Villager (Male) |
| 22:17 | Create | Villager (Male) |
| 22:18 | Create | Villager (Male) |
| 22:47 | Age | Castle Age |
| 23:03 | Build | Castle |
| 23:50 | Build | Archery Range |
| 23:52 | Build | Archery Range |
| 23:53 | Build | Archery Range |
| 24:19 | Research | Fletching |
| 24:22 | Research | Leather Archer Armor |
| 24:28 | Research | Scale Barding Armor |
| 24:30 | Research | Forging |
| 24:32 | Research | Scale Mail Armor |
| 24:59 | Create | Skirmisher ×5 |
| 24:59 | Create | Skirmisher ×5 |
| 24:59 | Create | Skirmisher ×5 |
| 24:59 | Create | Skirmisher ×5 |
| 25:00 | Create | Skirmisher ×4 |
| 25:57 | Build | Town Center |
| 26:09 | Create | Janissary |
| 26:09 | Create | Janissary |
| 26:09 | Create | Janissary |
| 26:10 | Create | Janissary |
| 26:38 | Create | Villager (Male) |
| 26:38 | Create | Villager (Male) |
| 26:38 | Create | Villager (Male) |
| 27:13 | Build | Farm |
| 27:19 | Build | Farm |
| 27:26 | Create | Janissary |
| 27:26 | Create | Janissary |
| 27:26 | Create | Janissary |
| 27:27 | Create | Janissary |
| 27:54 | Build | Mining Camp |
| 28:04 | Build | Farm |
| 28:05 | Build | Farm |
| 28:08 | Build | Farm |
| 28:24 | Create | Janissary ×5 |
| 28:24 | Create | Janissary ×5 |
| 28:24 | Create | Janissary ×5 |
| 28:25 | Create | Janissary |
| 29:15 | Build | Farm |
| 29:22 | Create | Villager (Male) |
| 29:22 | Create | Villager (Male) |
| 29:22 | Create | Villager (Male) |
| 29:22 | Create | Villager (Male) |
| 29:22 | Create | Villager (Male) |
| 29:22 | Create | Villager (Male) |
| 29:23 | Create | Villager (Male) |
| 29:45 | Create | Janissary |
| 29:46 | Create | Janissary |
| 29:46 | Create | Janissary |
| 29:46 | Create | Janissary |
| 31:01 | Build | Stable |
| 31:02 | Build | Stable |
| 31:03 | Build | Stable |
| 31:05 | Build | Stable |
| 31:47 | Build | Farm |
| 32:20 | Build | Farm |
| 32:43 | Build | Monastery |
| 32:49 | Build | University |
| 32:59 | Research | Bloodlines |
| 32:59 | Research | Husbandry |
| 33:00 | Research | Husbandry |
| 33:26 | Research | Sipahi |
| 34:26 | Create | Janissary |
| 34:26 | Create | Janissary |
| 34:26 | Create | Janissary |
| 34:26 | Create | Janissary |
| 34:27 | Create | Janissary |
Match timeline
| 4:37 | Merginator44 · tribute_sent a jugador 1 |
| 4:37 | Merginator44 · tribute_sent a jugador 2 |
| 4:37 | Merginator44 · tribute_sent a jugador 3 |
| 4:37 | Merginator44 · tribute_sent a jugador 4 |
| 4:37 | Merginator44 · tribute_sent a jugador 5 |
| 4:37 | Merginator44 · tribute_sent a jugador 6 |
| 4:37 | Merginator44 · tribute_sent a jugador 8 |
| 10:11 | El mas reportado · age_up feudal |
| 10:28 | 喜多川海梦 · age_up feudal |
| 10:50 | 家恒 · age_up feudal |
| 11:26 | Tsukitech · age_up feudal |
| 11:44 | LB_小小leo · age_up feudal |
| 12:53 | Merginator44 · first_building Barracks |
| 13:43 | ★秧★FISHY · age_up feudal |
| 14:05 | El mas reportado · age_up castle |
| 14:15 | DIY · age_up feudal |
| 14:16 | 家恒 · first_market_sell 100 wood |
| 15:51 | Merginator44 · first_building Archery Range |
| 17:11 | Merginator44 · first_building Stable |
| 17:11 | DIY · age_up castle |
| 17:19 | 家恒 · age_up castle |
| 18:41 | Tsukitech · first_market_sell 100 wood |
| 18:55 | DIY · first_building Stable |
| 19:43 | 喜多川海梦 · age_up castle |
| 20:59 | DIY · first_building Castle |
| 21:00 | LB_小小leo · first_building Barracks |
| 21:01 | 家恒 · first_building Monastery |
| 21:49 | ★秧★FISHY · age_up castle |
| 22:16 | ★秧★FISHY · first_building Castle |
| 22:47 | LB_小小leo · age_up castle |
| 23:03 | LB_小小leo · first_building Castle |
| 23:50 | LB_小小leo · first_building Archery Range |
| 24:30 | Merginator44 · first_building Castle |
| 24:38 | Tsukitech · age_up castle |
| 24:53 | Tsukitech · first_building Castle |
| 25:37 | 喜多川海梦 · first_building Castle |
| 25:39 | El mas reportado · first_building Stable |
| 28:26 | El mas reportado · first_building Siege Workshop |
| 28:35 | 家恒 · first_building Barracks |
| 29:14 | El mas reportado · first_market_sell 100 food |
| 29:35 | 家恒 · age_up imperial |
| 29:59 | 家恒 · first_building Castle |
| 30:01 | El mas reportado · first_building Monastery |
| 30:05 | 家恒 · first_building Stable |
| 30:31 | Tsukitech · first_building Siege Workshop |
| 30:33 | DIY · first_building Barracks |
| 30:35 | ★秧★FISHY · wall_segment Stone Wall x5 |
| 30:44 | ★秧★FISHY · wall_segment Stone Wall x19 |
| 30:51 | ★秧★FISHY · wall_segment Stone Wall x17 |
| 31:01 | LB_小小leo · first_building Stable |
| 32:04 | ★秧★FISHY · wall_segment Stone Wall x4 |
| 32:15 | ★秧★FISHY · wall_segment Stone Wall x6 |
| 32:17 | El mas reportado · first_building Castle |
| 32:37 | Merginator44 · first_building Siege Workshop |
| 32:43 | LB_小小leo · first_building Monastery |
| 32:45 | 喜多川海梦 · first_market_sell 100 wood |
| 34:09 | DIY · age_up imperial |
| 35:17 | ★秧★FISHY · first_building Stable |
| 35:25 | 喜多川海梦 · first_building Barracks |
| 35:59 | 喜多川海梦 · age_up imperial |
| 36:26 | El mas reportado · first_market_buy 500 stone |
| 37:07 | 喜多川海梦 · first_building Stable |
| 37:25 | ★秧★FISHY · age_up imperial |
| 39:14 | LB_小小leo · age_up imperial |
| 40:30 | 家恒 · first_building Archery Range |
| 41:07 | El mas reportado · age_up imperial |
| 42:25 | Tsukitech · first_building Barracks |
| 46:21 | DIY · first_building Archery Range |
| 47:58 | DIY · tribute_sent a jugador 2 |
| 47:58 | DIY · tribute_sent a jugador 3 |
| 47:58 | DIY · tribute_sent a jugador 4 |
| 47:58 | DIY · tribute_sent a jugador 5 |
| 47:58 | DIY · tribute_sent a jugador 6 |
| 47:58 | DIY · tribute_sent a jugador 7 |
| 47:58 | DIY · tribute_sent a jugador 8 |
| 51:50 | DIY · first_market_sell 500 wood |
| 52:37 | DIY · resign |
| 55:45 | Merginator44 · wall_segment Stone Wall x1 |
| 55:47 | Merginator44 · wall_segment Stone Wall x1 |
| 57:50 | LB_小小leo · first_market_sell 100 wood |
| 57:53 | LB_小小leo · first_market_buy 100 food |
| 58:10 | Tsukitech · age_up imperial |
| 65:10 | LB_小小leo · first_building Siege Workshop |
[ AI ANALYSIS · 1 CREDIT ]
What really happened in this match?
Wolo.gg analyzes every decision: build order, eco, micro, common mistakes by bracket. Personalized analysis on WhatsApp or Discord in 30 seconds.
Civ guide
Magyars
Map guide
Arena
Perfil
喜多川海梦